 Dungeon Crawl Stone Soup version 0.26-a0-863-g3bff4b215c (webtiles) character file.

Game seed: 2317679761064031382

2496 Frask the Slicer (level 9, -4/75 HPs)
             Began as a Minotaur Gladiator on Nov 25, 2020.
             Was a Follower of Okawaru.
             Slain by an orc warrior
             ... wielding a +0 long sword of holy wrath
              (14 damage)
             ... on level 6 of the Dungeon.
             The game lasted 00:33:37 (7921 turns).

Frask the Slicer (Minotaur Gladiator)               Turns: 7921, Time: 00:33:38

Health: -4/75      AC:  5    Str: 19    XL:     9   Next: 28%
Magic:  8/8        EV: 15    Int:  4    God:    Okawaru [*.....]
Gold:   232        SH:  0    Dex: 14    Spells: 8/8 levels left

rFire    + . .     SeeInvis .   k - +0 short sword (flame)
rCold    x . .     Faith    .   (no shield)
rNeg     . . .     Spirit   .   p - +0 leather armour {MR+}
rPois    .         Reflect  .   l - +0 hat
rElec    .         Harm     .   (no cloak)
rCorr    .         Rampage  .   (no gloves)
MR       +....                  (no boots)
Stlth    +.........             (no amulet)
HPRegen  0.22/turn              f - ring of fire
MPRegen  0.11/turn              (no ring)

@: no status effects
A: retaliatory headbutt, horns 2, yellow scales 1, dopey 1, robust 1
a: Heroism, Renounce Religion


You were on level 6 of the Dungeon.
You worshipped Okawaru.
Okawaru was aware of your devotion.
You visited 2 branches of the dungeon, and saw 7 of its levels.

You collected 322 gold pieces.
You spent 90 gold pieces at shops.

Inventory:

Hand Weapons
 a - a +1 rapier
 k - a +0 short sword of flaming (weapon)
 q - a +1 flail of holy wrath
Missiles
 g - 32 poisoned darts (quivered)
Armour
 b - a +0 scale mail
 l - a +0 hat (worn)
 p - a +0 leather armour of magic resistance (worn)
Jewellery
 f - a ring of fire (left hand)
Wands
 s - a wand of polymorph (3)
Scrolls
 c - a scroll of enchant weapon
 e - 7 scrolls of identify
 i - 2 scrolls of fog
 j - a scroll of magic mapping
 o - a scroll of remove curse
Potions
 d - a potion of ambrosia
 m - a potion of mutation
 r - a potion of magic
 t - 3 potions of curing


   Skills:
 - Level 3.0 Fighting
 * Level 11.6 Short Blades
 - Level 2.0 Throwing
 - Level 6.0 Armour
 - Level 6.0 Dodging


You had 8 spell levels left.
You didn't know any spells.
Your spell library was empty.

Dungeon Overview and Level Annotations

Branches:
Dungeon (6/15)             Temple (1/1) D:5

Altars:
Ashenzari
Cheibriados
Dithmenos
Elyvilon
Gozag
Kikubaaqudgha
Makhleb
Nemelex Xobeh
Okawaru
Qazlal
Sif Muna
Trog
Uskayaw
Vehumet
Wu Jian
The Shining One

Shops:
D:6 *

Portals:
Abyss: D:5

Annotations:
D:5 2 transporters, DocClef's ghost, weakling GnDe


Innate Abilities, Weirdness & Mutations

You reflexively headbutt those who attack you in melee.
You have a pair of horns on your head.
You are partially covered in yellow scales. (AC +2)
You are dopey. (Int -2)
You are robust. (+10% HP)


Message History

You barely miss the orc warrior.
The orc warrior is heavily wounded.
The orc warrior hits you with a cursed +0 short sword.
You barely miss the orc warrior. You headbutt the orc warrior.
The orc warrior is severely wounded.
You barely miss the orc warrior.
The orc warrior is severely wounded.
The orc warrior hits you with a cursed +0 short sword.
The orc warrior hits you with a +0 long sword of holy wrath!
You hit the orc warrior but do no damage.
Your headbutt misses the orc warrior.
The orc warrior is severely wounded.
You hit the orc warrior but do no damage.
The orc warrior is severely wounded.
The orc warrior hits you with a cursed +0 short sword!!
* * * LOW HITPOINT WARNING * * *
You hit the orc warrior. You burn the orc warrior.
The orc warrior is almost dead.
The orc warrior hits you with a +0 long sword of holy wrath!
You die...

#######........ ....
#........##(. . ....
#........#.. ... ....
#........#.. .8... ....
#........... #......
####+##..........###........
............................
................oo..........
................@†..........
............................
............................
............................
............................
####################†#########
#............#.....+.........#
#............#....>#.........#
#............'.....#.........#


You could see 2 orc warriors.

Vanquished Creatures
  Grinder (D:5)
  Eustachio (D:5)
  2 ice beasts
  An orc warrior (D:6)
  A sky beast (D:5)
  A black bear (D:6)
  3 centaurs (D:5)
  A phantom (D:5)
  2 ogres
  A gnoll sergeant (D:4)
  A water moccasin zombie (D:5)
  3 howler monkeys
  5 wights (D:6)
  4 hounds
  An iron imp (D:3)
  2 orc wizards (D:5)
  2 bullfrog skeletons
  Terence (D:3)
  8 worker ants
  A killer bee zombie (D:2)
  A hound zombie (D:5)
  8 gnolls
  8 adders
  A shadow imp (D:5)
  3 white imps (D:6)
  An ufetubus (D:5)
  2 dart slugs
  7 leopard geckos
  18 orcs
  5 giant cockroaches
  3 goblins
  4 hobgoblins
  4 quokkas
  4 ball pythons
  10 bats
  3 frilled lizards
  A jackal zombie (D:5)
  5 kobolds
  5 rats
135 creatures vanquished.

Notes
Turn   | Place    | Note
-------+----------+-------------------------------------------
     0 | D:1      | Frask the Minotaur Gladiator began the quest for the Orb.
     0 | D:1      | Reached XP level 1. HP: 18/18 MP: 0/0
   380 | D:1      | Reached XP level 2. HP: 21/25 MP: 1/1
  1044 | D:2      | Reached XP level 3. HP: 30/30 MP: 2/2
  1204 | D:2      | Reached skill level 5 in Dodging
  1287 | D:2      | Reached XP level 4. HP: 3/38 MP: 3/3
  2105 | D:3      | Noticed Terence
  2118 | D:3      | Killed Terence
  2274 | D:3      | Reached XP level 5. HP: 35/45 MP: 4/4
  2376 | D:3      | Found a burning altar of Makhleb.
  2384 | D:3      | Reached skill level 4 in Short Blades
  2452 | D:3      | Found an ancient bone altar of Kikubaaqudgha.
  3421 | D:4      | Reached skill level 1 in Armour
  3449 | D:4      | Gained mutation: You expend magic power (3 MP) to
                  | strengthen your wands. [potion of mutation]
  3449 | D:4      | Gained mutation: Your body sometimes deteriorates upon
                  | taking damage. [potion of mutation]
  3449 | D:4      | Gained mutation: You are weak. (Str -2) [potion of
                  | mutation]
  3449 | D:4      | Lost mutation: You are weak. (Str -2) [potion of mutation]
  3458 | D:4      | Reached skill level 5 in Short Blades
  3458 | D:4      | Reached XP level 6. HP: 23/51 MP: 5/5
  3463 | D:5      | Entered Level 5 of the Dungeon
  4129 | D:4      | You fall into a shaft and drop 2 floors!
  4129 | D:6      | Noticed an orc warrior
  4176 | D:5      | Reached skill level 6 in Short Blades
  4316 | D:5      | Noticed Eustachio
  4353 | D:5      | Killed Eustachio
  4354 | D:5      | Reached skill level 7 in Short Blades
  4354 | D:5      | Reached XP level 7. HP: 37/57 MP: 6/6
  4579 | D:4      | Found a sparkling altar of Nemelex Xobeh.
  5021 | D:5      | Noticed Grinder
  5035 | D:5      | Killed Grinder
  5036 | D:5      | Reached skill level 8 in Short Blades
  5036 | D:5      | Reached XP level 8. HP: 61/63 MP: 7/7
  5314 | D:5      | Found a staircase to the Ecumenical Temple.
  5338 | Temple   | Entered the Ecumenical Temple
  5462 | Temple   | Became a worshipper of Warmaster Okawaru
  5776 | D:5      | Reached skill level 9 in Short Blades
  5776 | D:5      | Reached skill level 5 in Armour
  5783 | D:5      | Lost mutation: Your body sometimes deteriorates upon taking
                  | damage. [potion of mutation]
  5783 | D:5      | Lost mutation: You expend magic power (3 MP) to strengthen
                  | your wands. [potion of mutation]
  5783 | D:5      | Gained mutation: You are dopey. (Int -2) [potion of
                  | mutation]
  5783 | D:5      | Gained mutation: You are robust. (+10% HP) [potion of
                  | mutation]
  5783 | D:5      | Gained mutation: You are partially covered in yellow
                  | scales. (AC +2) [potion of mutation]
  5863 | D:5      | Found a transporter.
  5948 | D:5      | Found a one-way gate to the infinite horrors of the Abyss.
  5948 | D:5      | Noticed DocClef's ghost (weakling GnDe)
  6046 | D:5      | Found a transporter.
  6735 | D:6      | Reached * piety under Okawaru
  6736 | D:6      | Reached skill level 10 in Short Blades
  7135 | D:6      | Found a shimmering blue altar of Sif Muna.
  7246 | D:6      | Found Gynk's General Store.
  7261 | D:6      | Reached XP level 9. HP: 58/75 MP: 8/8
  7420 | D:6      | Bought a scroll of holy word for 90 gold pieces
  7564 | D:6      | Reached skill level 11 in Short Blades
  7921 | D:6      | Slain by an orc warrior

Illustrated notes

Levels and vault maps discovered:
D:1:      lightli_iron_boxes, layout_loops_corners,
          chequers_serial_rivers_micro_e, st_stairs_2
D:2:      layout_basic
D:3:      layout_rooms, makhleb_grotto_becter, kiku_gazebo_pond_becter,
          uniq_terence
D:4:      layout_basic, marbit_many_paths, lightli_minifort
D:5:      kennysheep_spiral_hall, layout_basic, minmay_temple_entry_fiery,
          serial_corexii_hall, corexii_hall_statues_t, corexii_hall_statues_i,
          chequers_hall_statues_wall_a, gammafunk_ghost_abyssal_escape,
          guppyfry_early_lair_pool, uniq_grinder, uniq_eustachio
D:6:      layout_gridville, old_standard_altar, serial_shops, shop_statue,
          minmay_bent
Temple:   oiseaux_autumnal_temple

Skill      XL: |  1  2  3  4  5  6  7  8  9 |
---------------+----------------------------+-----
Dodging        | 4 5 6 |  6.0
Fighting       | 3 |  3.0
Short Blades   | 5 7 8 10 11 | 11.6
Armour         | 1 3 4 6 |  6.0
Throwing       | |  2.0

Action                   |  1- 3 |  4- 6 |  7- 9 || total
-------------------------+-------+-------+-------++-------
Melee: Rapier            |    55 |   152 |    58 ||   265
       Headbutt          |     8 |    23 |    52 ||    83
       Short sword       |       |       |   230 ||   230
Throw: Dart              |       |     2 |       ||     2
  Use: Potion            |     1 |     7 |     4 ||    12
       Scroll            |       |     9 |     5 ||    14
 Stab: Distracted        |       |     1 |       ||     1
Armor: Leather armour    |     9 |     6 |    11 ||    26
       Scale mail        |       |    44 |    36 ||    80
       Skin              |       |       |    13 ||    13
Dodge: Dodged            |    52 |   170 |   121 ||   343

Table legend: (Time is in decaauts)
 A = Elapsed time spent in this place.
 B = Non-inter-level travel time spent in this place.
 C = Inter-level travel time spent in this place.
 D = Time resting spent in this place.
 E = Time spent auto-exploring this place.
 F = Levels seen in this place.
 G = Mean time per level.
                   A        B        C        D        E       F      G
               +--------+--------+--------+--------+--------+-----+--------+
         Total |   7800 |   7641 |    159 |    619 |   5701 |   7 | 1114.3 |
       Dungeon |   7653 |   7513 |    140 |    619 |   5591 |   6 | 1275.5 |
        Temple |    146 |    127 |     19 |      0 |    109 |   1 |  146.0 |
               +--------+--------+--------+--------+--------+-----+--------+

Top non-repeatable levels by time:
     D:5: 2015 daAuts
     D:4: 1577 daAuts
     D:6: 1183 daAuts
     D:2: 1002 daAuts
     D:3: 970 daAuts
     D:1: 905 daAuts
  Temple: 146 daAuts
